3068 views
Uploaded 2020-04-11 09:14:38
Game version 1.32.3
12:27 long 2on2 ladder game on (4)PhantomGrove_LV
Saved by Ben
3068 views
Uploaded 2020-04-11 09:14:38
Game version 1.32.3
12:27 long 2on2 ladder game on (4)PhantomGrove_LV


52 units @ 6.9k
/ 0.9k
22 buildings @ 3.7k
/ 1.1k


| Healing Salve | 2 | 200 |
| Scroll of Speed | 1 | 50 |
| Scroll of Healing | 1 | 250 |
| Potion of Lesser Invulnerability | 1 | 150 |
| total: | 5 | 650g |
| Peon | 6 | 450 | / | 0 |
| Grunt | 1 | 200 | / | 0 |
| Troll Headhunter | 9 | 1260 | / | 180 |
| Shaman | 3 | 390 | / | 60 |
| Troll Berserker | 4 | 560 | / | 80 |
| total: | 23 | 2860g | / | 320w |
| Altar of Storms | 1 | 180 | / | 50 |
| Orc Burrow | 4 | 640 | / | 160 |
| Barracks | 1 | 180 | / | 50 |
| War Mill | 1 | 205 | / | 0 |
| Voodoo Lounge | 1 | 130 | / | 30 |
| Spirit Lodge | 1 | 150 | / | 150 |
| Stronghold | 1 | 315 | / | 190 |
| Fortress | 1 | 325 | / | 190 |
| total: | 9 | 1485g | / | 440w |
| 0:02 | Peon |
| 0:07 | Altar of Storms |
| 0:09 | Peon |
| 0:14 | Orc Burrow |
| 0:16 | Peon |
| 0:35 | Barracks |
| 0:45 | Peon |
| 0:54 | Peon |
| 1:14 | Peon |
| 1:22 | Orc Burrow |
| 1:36 | Grunt |
| 1:58 | War Mill |
| 2:18 | War Stomp |
| 2:35 | Stronghold |
| 2:47 | Voodoo Lounge |
| 3:11 | Troll Headhunter |
| 3:34 | Troll Headhunter |
| 3:36 | Orc Burrow |
| 3:51 | Endurance Aura |
| 4:03 | Troll Headhunter |
| 4:20 | Troll Headhunter |
| 4:39 | Troll Headhunter |
| 4:57 | Troll Headhunter |
| 4:58 | Fortress |
| 5:05 | Healing Salve |
| 5:09 | Scroll of Speed |
| 5:54 | Troll Regeneration |
| 6:09 | War Stomp |
| 6:16 | Troll Headhunter |
| 6:22 | Spirit Lodge |
| 6:33 | Steel Ranged Weapons |
| 6:54 | Troll Headhunter |
| 6:58 | Orc Burrow |
| 7:09 | Healing Salve |
| 7:41 | Healing Wave |
| 7:58 | Berserker Upgrade |
| 8:00 | Shaman Adept Training |
| 8:20 | Troll Headhunter |
| 8:23 | Shaman |
| 9:02 | Shaman Master Training |
| 9:04 | Troll Berserker |
| 9:19 | Troll Berserker |
| 9:20 | Shaman |
| 9:34 | Scroll of Healing |
| 9:39 | Potion of Lesser Invulnerability |
| 9:59 | Troll Berserker |
| 10:15 | Serpent Ward |
| 10:33 | Shaman |
| 10:40 | Thorium Ranged Weapons |
| 11:26 | Endurance Aura |
| 11:52 | Troll Berserker |
| Right click | 649 |
| Select group | 233 |
| Select | 221 |
| Build/train/purchase | 57 |
| Misc. action | 40 |
| Assign group | 21 |
| Use ability | 16 |
| Minimap ping | 8 |
| Item give/drop | 6 |


| Lesser Clarity Potion | 1 | 70 |
| Scroll of Healing | 1 | 250 |
| Boots of Speed | 1 | 250 |
| total: | 3 | 570g |
| Wisp | 11 | 660 | / | 0 |
| Huntress | 14 | 2730 | / | 280 |
| Dryad | 3 | 435 | / | 180 |
| Druid of the Claw | 1 | 255 | / | 80 |
| total: | 29 | 4080g | / | 540w |
| Altar of Elders | 1 | 180 | / | 50 |
| Moon Well | 8 | 1440 | / | 320 |
| Ancient of War | 1 | 150 | / | 60 |
| Hunter's Hall | 1 | 210 | / | 100 |
| Ancient of Wonders | 1 | 90 | / | 30 |
| Ancient of Lore | 1 | 155 | / | 145 |
| Tree of Ages | 1 | 320 | / | 180 |
| total: | 13 | 2225g | / | 705w |
| 0:02 | Wisp |
| 0:05 | Altar of Elders |
| 0:07 | Wisp |
| 0:18 | Moon Well |
| 0:20 | Wisp |
| 0:32 | Wisp |
| 0:48 | Wisp |
| 0:59 | Wisp |
| 1:13 | Wisp |
| 1:37 | Ancient of War |
| 1:41 | Hunter's Hall |
| 1:48 | Wisp |
| 2:02 | Moon Well |
| 2:24 | Force of Nature |
| 2:43 | Huntress |
| 3:10 | Huntress |
| 3:31 | Huntress |
| 3:32 | Tree of Ages |
| 3:52 | Entangling Roots |
| 4:02 | Huntress |
| 4:28 | Huntress |
| 4:29 | Moon Well |
| 4:49 | Moon Well |
| 4:51 | Moon Well |
| 4:57 | Lesser Clarity Potion |
| 5:25 | Huntress |
| 5:43 | Huntress |
| 5:59 | Huntress |
| 6:20 | Ancient of Lore |
| 6:21 | Strength of the Moon |
| 6:22 | Sentinel |
| 6:38 | Moon Glaive |
| 6:41 | Entangling Roots |
| 6:59 | Trueshot Aura |
| 7:04 | Moon Armor |
| 7:21 | Huntress |
| 7:24 | Moon Well |
| 7:53 | Abolish Magic |
| 7:59 | Wisp |
| 7:59 | Wisp |
| 8:02 | Ancient of Wonders |
| 8:03 | Huntress |
| 8:24 | Improved Moon Armor |
| 8:29 | Dryad |
| 9:10 | Searing Arrows |
| 9:27 | Scroll of Healing |
| 9:27 | Boots of Speed |
| 9:41 | Improved Strength of the Moon |
| 9:42 | Wisp |
| 9:50 | Moon Well |
| 10:19 | Moon Well |
| 11:26 | Thorns Aura |
| 11:29 | Huntress |
| 11:29 | Huntress |
| 11:29 | Dryad |
| 11:30 | Dryad |
| 11:45 | Trueshot Aura |
| 12:18 | Huntress |
| 12:18 | Druid of the Claw |
| 12:19 | Huntress |
| Right click | 680 |
| Select group | 332 |
| Select | 274 |
| Build/train/purchase | 56 |
| Use ability | 24 |
| Assign group | 21 |
| Misc. action | 9 |
| Minimap ping | 3 |
| Esc | 2 |
| Item give/drop | 1 |
41 units @ 5.9k
/ 0.4k
26 buildings @ 4.4k
/ 1.8k


| Peon | 8 | 600 | / | 0 |
| Grunt | 6 | 1200 | / | 0 |
| Wind Rider | 4 | 1060 | / | 160 |
| total: | 18 | 2860g | / | 160w |
| Altar of Storms | 1 | 180 | / | 50 |
| Orc Burrow | 5 | 800 | / | 200 |
| Barracks | 1 | 180 | / | 50 |
| War Mill | 1 | 205 | / | 0 |
| Voodoo Lounge | 1 | 130 | / | 30 |
| Great Hall | 1 | 385 | / | 185 |
| Spirit Lodge | 1 | 150 | / | 150 |
| Beastiary | 3 | 435 | / | 420 |
| Stronghold | 1 | 315 | / | 190 |
| Fortress | 1 | 325 | / | 190 |
| total: | 14 | 2465g | / | 1085w |
| 0:04 | Peon |
| 0:06 | Peon |
| 0:19 | Altar of Storms |
| 0:20 | Peon |
| 0:20 | Peon |
| 0:25 | Orc Burrow |
| 0:34 | Peon |
| 0:55 | Peon |
| 0:55 | Peon |
| 1:33 | Barracks |
| 1:53 | Orc Burrow |
| 2:24 | Feral Spirit |
| 2:36 | Grunt |
| 2:39 | Stronghold |
| 3:00 | Orc Burrow |
| 3:20 | Grunt |
| 3:45 | Grunt |
| 3:55 | War Mill |
| 4:00 | Voodoo Lounge |
| 4:35 | Chain Lighting |
| 4:37 | Grunt |
| 5:39 | Grunt |
| 5:40 | Berserker Strength |
| 6:07 | Feral Spirit |
| 6:21 | Healing Wave |
| 6:23 | Spirit Lodge |
| 6:48 | Fortress |
| 6:50 | Beastiary |
| 6:52 | Orc Burrow |
| 7:24 | Orc Burrow |
| 7:27 | Beastiary |
| 8:05 | Beastiary |
| 8:38 | Serpent Ward |
| 8:40 | Wind Rider |
| 8:51 | Great Hall |
| 8:57 | Shaman Adept Training |
| 9:31 | Envenomed Spears |
| 9:38 | Peon |
| 9:49 | War Drums Damage Increase |
| 9:58 | Shaman Master Training |
| 10:11 | Steel Armor |
| 10:31 | Chain Lighting |
| 10:41 | Healing Wave |
| 10:52 | Wind Rider |
| 11:05 | Wind Rider |
| 11:29 | Grunt |
| 11:30 | Wind Rider |
| Select group | 1666 |
| Right click | 835 |
| Select | 333 |
| Build/train/purchase | 67 |
| Assign group | 23 |
| Use ability | 11 |
| Minimap ping | 11 |
| Resource trade | 9 |
| Item give/drop | 4 |


| Healing Salve | 2 | 200 |
| Lesser Clarity Potion | 3 | 210 |
| Scroll of Speed | 1 | 50 |
| Boots of Speed | 1 | 250 |
| total: | 7 | 710g |
| Peon | 10 | 750 | / | 0 |
| Grunt | 3 | 600 | / | 0 |
| Troll Headhunter | 4 | 560 | / | 80 |
| Troll Witch Doctor | 3 | 435 | / | 75 |
| Spirit Walker | 2 | 390 | / | 70 |
| Ogre Magi | 1 | 320 | / | 50 |
| total: | 23 | 3055g | / | 275w |
| Altar of Storms | 1 | 180 | / | 50 |
| Orc Burrow | 4 | 640 | / | 160 |
| Barracks | 1 | 180 | / | 50 |
| Voodoo Lounge | 1 | 130 | / | 30 |
| War Mill | 2 | 410 | / | 0 |
| Spirit Lodge | 2 | 300 | / | 300 |
| Tauren Totem | 1 | 135 | / | 155 |
| Stronghold | 1 | 315 | / | 190 |
| Fortress | 1 | 325 | / | 190 |
| total: | 12 | 1975g | / | 745w |
| 0:04 | Peon |
| 0:04 | Peon |
| 0:10 | Altar of Storms |
| 0:15 | Orc Burrow |
| 0:16 | Peon |
| 0:52 | Barracks |
| 0:55 | Peon |
| 1:22 | Peon |
| 1:28 | Voodoo Lounge |
| 1:31 | Peon |
| 1:40 | Peon |
| 1:56 | Grunt |
| 2:09 | Grunt |
| 2:17 | Wind Walk |
| 2:32 | Grunt |
| 2:37 | Orc Burrow |
| 3:02 | War Mill |
| 3:06 | War Mill |
| 3:29 | Orc Burrow |
| 3:32 | Peon |
| 3:48 | Stronghold |
| 4:27 | Critical Strike |
| 4:41 | Troll Headhunter |
| 4:41 | Troll Headhunter |
| 4:46 | Steel Melee Weapons |
| 5:12 | Orc Burrow |
| 5:31 | Steel Ranged Weapons |
| 5:36 | Healing Salve |
| 5:37 | Lesser Clarity Potion |
| 6:13 | Boots of Speed |
| 6:35 | Peon |
| 6:35 | Peon |
| 7:10 | Troll Regeneration |
| 7:11 | Thorium Ranged Weapons |
| 7:17 | Spirit Lodge |
| 7:20 | Tauren Totem |
| 7:24 | Spirit Lodge |
| 7:29 | Lesser Clarity Potion |
| 7:29 | Lesser Clarity Potion |
| 7:30 | Healing Salve |
| 7:31 | Scroll of Speed |
| 7:46 | Serpent Ward |
| 8:01 | Ogre Magi |
| 8:05 | Critical Strike |
| 8:12 | Troll Headhunter |
| 8:12 | Troll Headhunter |
| 8:35 | Fortress |
| 9:13 | Hex |
| 9:28 | Witch Doctor Adept Training |
| 9:29 | Troll Witch Doctor |
| 9:29 | Troll Witch Doctor |
| 9:32 | Spirit Walker Adept Training |
| 9:57 | Spirit Walker |
| 9:57 | Spirit Walker |
| 9:59 | Troll Witch Doctor |
| 11:15 | Wind Walk |
| 11:21 | Serpent Ward |
| Right click | 521 |
| Select | 210 |
| Build/train/purchase | 53 |
| Use ability | 22 |
| Item give/drop | 5 |
| Resource trade | 5 |
| Assign group | 3 |
| Remove unit | 2 |
โ